 Dungeon Crawl Stone Soup version 0.27.1-33-g824d729ab1 (webtiles) character file.

Game seed: 13463317762940294069

23 jlumianski the Skirmisher (level 2, 0/20 HPs)
             Began as a Gargoyle Monk on Dec 17, 2021.
             Frozen to death by an endoplasm (5 damage)
             ... on level 1 of the Dungeon.
             The game lasted 00:02:49 (465 turns).

jlumianski the Skirmisher (Gargoyle Monk)            Turns: 465, Time: 00:02:49

Health: 0/20       AC:  7    Str: 14    XL:     2   Next: 95%
Magic:  2/2        EV: 11    Int: 10    God:
Gold:   12         SH:  0    Dex: 12    Spells: 1/1 levels left

rFire    . . .     SeeInvis .   a - +0 hand axe
rCold    . . .     Faith    .   (no shield)
rNeg     + . .     Spirit   .   d - +0 ring mail
rPois    ∞         Reflect  .   (no helmet)
rElec    +         Harm     .   (no cloak)
rCorr    .         Rampage  .   (no gloves)
Will     .....                  (no boots)
Stlth    +.........             (no amulet)
HPRegen  0.06/turn              (no ring)
MPRegen  0.08/turn              (no ring)

@: no status effects
A: sickness immunity, AC +2, negative energy resistance 1, electricity
resistance, torment resistance 1, petrification resistance
a: no special abilities


You were on level 1 of the Dungeon.
You visited 1 branch of the dungeon, and saw 1 of its levels.

You collected 12 gold pieces.

Inventory:

Hand Weapons
 a - a +0 hand axe (weapon)
Armour
 b - a +0 robe
 d - a +0 ring mail (worn)
Potions
 c - a potion of brilliance {unknown}
 e - a potion of berserk rage {unknown}
 f - a potion of heal wounds {unknown}


   Skills:
 + Level 3.7 Fighting
 + Level 3.0 Axes
 + Level 0.1 Armour
 + Level 2.7 Dodging
 + Level 2.2 Stealth


You had one spell level left.
You didn't know any spells.
Your spell library was empty.

Dungeon Overview and Level Annotations

Branches:
Dungeon (1/15)

Altars:


Innate Abilities, Weirdness & Mutations

You are immune to sickness and miasma.
Your stone body is resilient. (AC +2)
You are immune to poison.
You resist negative energy. (rN+)
You are resistant to electric shocks. (rElec)
You are resistant to unholy torment.
You are immune to petrification.


Message History

You hit the rat.
The rat is severely wounded.
The rat closely misses you. The rat bites you but does no damage.
You hit the rat.
You kill the rat!
A ball python comes into view.
The ball python hisses angrily.
The ball python barely misses you. x2
A rat comes into view.
The ball python bites you but does no damage.
The ball python closely misses you. The rat completely misses you.
The ball python bites you but does no damage.
The ball python closely misses you. The ball python barely misses you.
The ball python grabs you. The ball python constricts you.
You escape the ball python's grasp.
The ball python bites you but does no damage.
The ball python grabs you. The ball python constricts you.
* * * LOW HITPOINT WARNING * * *
You see here a hobgoblin corpse.
The ball python's grasp on you weakens, but your attempt to escape fails.
The ball python bites you but does no damage.
The ball python constricts you.
You barely miss the ball python.
The ball python bites you but does no damage.
The ball python constricts you.
You hit the ball python.
The ball python is severely wounded.
The ball python barely misses you. The ball python constricts you.
The ball python bites you but does no damage.
The ball python constricts you.
You slash the ball python!
You kill the ball python!
You completely miss the rat. You hit the endoplasm. The rat closely misses you.
The endoplasm barely misses you. The rat closely misses you.
You hit the rat but do no damage. You hit the endoplasm.
The endoplasm freezes you.
You are frozen.
You die...

#############################
#..#.#.#.#.#.#.#r#.#.#.#r#..#
#.#.#.#.#.#.#.#r#.#.#.#r#.#.##
#..###.###.###@###.###S###r.r##
#.#.#.#.#.#.#.#J#.#r#.#.#.#..J.
#..#.# #.# #.#.#.#.#r#.#.#..###
#.#### ### ################## #
#.# . #.# ########## #.
#.#######........# ..
#................##############
#########...........#.... .....


You could see an endoplasm and 2 rats.

Vanquished Creatures
  5 endoplasms (D:1)
  2 giant cockroaches (D:1)
  2 hobgoblins (D:1)
  A kobold (D:1)
  3 quokkas (D:1)
  A ball python (D:1)
  A bat (D:1)
  2 frilled lizards (D:1)
  3 rats (D:1)
20 creatures vanquished.

Notes
Turn   | Place    | Note
-------+----------+-------------------------------------------
     0 | D:1      | jlumianski the Gargoyle Monk began the quest for the Orb.
     0 | D:1      | Reached XP level 1. HP: 14/14 MP: 1/1
   226 | D:1      | Reached XP level 2. HP: 17/19 MP: 2/2
   465 | D:1      | Frozen to death by an endoplasm

Illustrated notes

Levels and vault maps discovered:
D:1:      dpeg_arrival_line_fractal, layout_rooms, eino_curves_04,
          roderic_roman_lattice, minmay_tromino_i4

Skill      XL: |  1  2 |
---------------+-------+-----
Axes           | 3 |  3.0
Fighting       | |  3.7
Armour         | |  0.1
Dodging        | |  2.7
Stealth        | |  2.2

Action                   || total
-------------------------++-------
Melee: Hand axe          ||    65
Armor: Ring mail         ||    21
       Robe              ||     3
Dodge: Dodged            ||    40
